 Dungeon Crawl Stone Soup version 0.23.2 (webtiles) character file.

Game seed: 5005549417245519790

101 Revguard the Chopper (level 4, 0/34 HPs)
             Began as a Demonspawn Gladiator on Apr 8, 2019.
             Slain by an orc priest
             ... wielding a +0 trident of freezing
              (1 damage)
             ... on level 4 of the Dungeon.
             The game lasted 00:04:01 (1731 turns).

Revguard the Chopper (Demonspawn Gladiator)         Turns: 1731, Time: 00:04:03

Health: 0/34       AC:  6    Str: 15    XL:     4   Next: 48%
Magic:  4/4        EV: 12    Int: 10    God:
Gold:   74         SH:  0    Dex: 14    Spells: 3/3 levels left

rFire    . . .     SeeInvis .   a - +0 war axe
rCold    . . .     Gourm    .   (no shield)
rNeg     . . .     Faith    +   l - +0 ring mail
rPois    .         Spirit   .   c - +0 helmet
rElec    .         Reflect  .   (no cloak)
rCorr    .         Harm     .   (no gloves)
MR       .....                  (no boots)
Stlth    +.........             m - amulet of faith
HPRegen  0.11/turn              (no ring)
MPRegen  0.09/turn              (no ring)

@: no status effects
A: talons 1
a: no special abilities


You were on level 4 of the Dungeon.
You were hungry.

You visited 1 branch of the dungeon, and saw 4 of its levels.

You collected 74 gold pieces.

Inventory:

Hand Weapons
 a - a +0 war axe (weapon)
Missiles
 d - 3 throwing nets (quivered)
Armour
 b - a +0 leather armour
 c - a +0 helmet (worn)
 l - a +0 ring mail (worn)
Jewellery
 m - an amulet of faith (around neck)
Scrolls
 e - 5 scrolls of identify {unknown}
 g - 3 scrolls of fog {unknown}
 h - a scroll of immolation {unknown}
 n - a scroll of enchant weapon {unknown}
 o - 2 scrolls of remove curse {unknown}
Potions
 i - 3 potions of flight
 j - a potion of curing
 k - a potion of cancellation
Comestibles
 f - 4 rations


   Skills:
 + Level 2.4 Fighting
 + Level 3.5 Axes
 - Level 1.7 Throwing
 * Level 1.8 Armour
 + Level 3.2 Dodging


You had 3 spell levels left.
You didn't know any spells.
Your spell library was empty.

Dungeon Overview and Level Annotations

Branches:
Dungeon (4/15)             Temple (0/1) D:4

Altars:
Fedhas
Uskayaw


Innate Abilities, Weirdness & Mutations

You have sharp toenails.


Message History

You hit the orc priest.
The orc priest is moderately wounded.
You barely miss the adder.
You feel sick. The adder bites you but does no damage.
The orc priest mumbles some strange prayers to Beogh against you.
Beogh smites you!
* * * LOW HITPOINT WARNING * * *
You feel better. The adder bites you.
* * * LOW HITPOINT WARNING * * *
The orc priest barely misses you. The adder barely misses you.
You slash the orc priest!
The orc priest is almost dead.
You slash the adder! The adder closely misses you. The orc priest misses you.
You hit the orc priest but do no damage.
The orc priest is almost dead.
You barely miss the adder. The adder barely misses you.
The orc priest hits you with a +0 trident of freezing.
* * * LOW HITPOINT WARNING * * *
The orc priest freezes you.
You die...

## ... .S..
############# .>...
#≈≈≈≈≈≈S≈≈≈≈#......
#≈.....@o.(.'......
#≈.#######.≈#......
. #≈.# #.≈# .....
... #≈.# #.≈# ..P.
#..# #≈.# #.≈# ...
#..######≈.# #.≈#
.≈ #..#...#≈.##
#.≈# ≈ #.....#≈..
#.≈#
#.<.#≈########.≈#


You could see an orc priest and an adder.

Vanquished Creatures
  2 adders
  3 oozes
  A worm (D:4)
  2 dart slugs
  A leopard gecko (D:2)
  An orc (D:3)
  6 giant cockroaches
  5 goblins
  6 hobgoblins
  10 jackals
  5 kobolds
  A quokka (D:3)
  6 bats
  5 frilled lizards
  5 rats
59 creatures vanquished.

Notes
Turn   | Place    | Note
-------+----------+-------------------------------------------
     0 | D:1      | Revguard the Demonspawn Gladiator began the quest for the
                  | Orb.
     0 | D:1      | Reached XP level 1. HP: 16/16 MP: 1/1
    21 | D:1      | Gained mutation: You have sharp toenails. [demonic
                  | ancestry]
    21 | D:1      | Reached XP level 2. HP: 22/22 MP: 2/2
   608 | D:2      | Reached XP level 3. HP: 24/27 MP: 3/3
   624 | D:2      | Reached skill level 1 in Armour
   637 | D:2      | Found a blossoming altar of Fedhas.
  1173 | D:3      | Reached XP level 4. HP: 32/34 MP: 4/4
  1274 | D:3      | Found a hide-covered altar of Uskayaw.
  1716 | D:4      | Found a staircase to the Ecumenical Temple.
  1731 | D:4      | HP: 1/34 [orc priest/+0 trident of freezing (4)]
  1731 | D:4      | Slain by an orc priest

Skill      XL: |  1  2  3 |
---------------+----------+-----
Axes           | 3 |  3.5
Dodging        | 3 |  3.2
Armour         | 1 |  1.8
Fighting       | |  2.4
Throwing       | |  1.7

Action                   |  1- 3 |  4- 6 || total
-------------------------+-------+-------++-------
Melee: War axe           |    85 |    41 ||   126
       Kick              |    18 |     7 ||    25
  Use: Potion            |     6 |     2 ||     8
  Eat: Chunk             |       |     2 ||     2
Armor: Leather armour    |    14 |       ||    14
       Ring mail         |    21 |    14 ||    35
Dodge: Dodged            |    78 |    40 ||   118
